TOP OF THE 1ST |
University of Alabama Crimson Tide batting - Pitching for Florida State University Seminoles : RHP Justin Williams
|
Pitching: RHP Justin Williams
|
|
Batting: RHB António Scarlett
|
0-0: Ball 1-0: Ground out 5-3 (Groundball, 56S, EV 72.5 MPH)
|
Batting: RHB Er Le
|
0-0: Swinging Strike 0-1: Swinging Strike 0-2: Ball 1-2: Foul Ball, location: 2F 1-2: Ball 2-2: Ground out 1-3 (Groundball, 13, EV 61.2 MPH)
|
Batting: LHB Prince Nunley
|
0-0: Ball 1-0: Ball 2-0: Called Strike 2-1: Ball 3-1: Foul Ball, location: 2F 3-2: Base on Balls
|
Batting: RHB Peter Westover
|
0-0: Fielders Choice at 2nd, 6-4 (Groundball, 6, EV 82.5 MPH)
|
Top of the 1st over - 0 runs, 0 hits, 0 errors, 1 left on base; University of Alabama 0 - Florida State University 0 |
BOTTOM OF THE 1ST |
Florida State University Seminoles batting - Pitching for University of Alabama Crimson Tide : RHP Joe Babich
|
Pitching: RHP Joe Babich
|
|
Batting: SHB Alex Noval
|
0-0: Ball 1-0: SINGLE (Line Drive, 56D, EV 107.5 MPH)
|
Batting: RHB Jeremy Buck
|
0-0: Ball 1-0: Called Strike 1-1: Called Strike 1-2: Ball 2-2: Strikes out looking
|
Batting: LHB Raul Maldonado
|
0-0: Ball Wild Pitch! Alex Noval to second 1-0: Ball 2-0: Called Strike 2-1: Fly out, F8 (Line Drive, 8RD, EV 85.6 MPH)
|
Batting: RHB Lupe Barrera
|
0-0: Called Strike 0-1: Ball 1-1: Ball 2-1: Ball 3-1: Swinging Strike 3-2: Strikes out swinging
|
Bottom of the 1st over - 0 runs, 1 hit, 0 errors, 1 left on base; University of Alabama 0 - Florida State University 0 |
TOP OF THE 2ND |
University of Alabama Crimson Tide batting - Pitching for Florida State University Seminoles : RHP Justin Williams
|
Batting: RHB Willie Torres
|
0-0: Ball 1-0: Fly out, F6 (Popup, 6, EV 58.8 MPH)
|
Batting: RHB Shura Beschenko
|
0-0: Ball 1-0: Foul Ball, location: 2F 1-1: Swinging Strike 1-2: DOUBLE (Groundball, 5L, EV 108.8 MPH)
|
Batting: RHB Ray Travis
|
0-0: Ground out 5-3 (Groundball, 56S, EV 84.4 MPH)
|
Batting: RHB Lencho Otieno
|
0-0: Called Strike 0-1: Called Strike 0-2: Ball 1-2: Foul Ball, location: 2F 1-2: Strikes out looking
|
Top of the 2nd over - 0 runs, 1 hit, 0 errors, 1 left on base; University of Alabama 0 - Florida State University 0 |
BOTTOM OF THE 2ND |
Florida State University Seminoles batting - Pitching for University of Alabama Crimson Tide : RHP Joe Babich
|
Batting: SHB Ed Mosqueda
|
0-0: Ball 1-0: Ball 2-0: Foul Ball, location: 2F 2-1: Ball 3-1: Foul Ball, location: 2F 3-2: Base on Balls
|
Batting: RHB Victor Ramirez
|
0-0: Ball 1-0: Fly out, F7 (Flyball, 7LM, EV 93.1 MPH)
|
Batting: RHB Israel Quinteros
|
0-0: Ball Ed Mosqueda steals 2nd base 1-0: Called Strike 1-1: Ground out U3 (Groundball, 34S, EV 73.8 MPH) Ed Mosqueda to third
|
Batting: LHB Jai-guo Bian
|
0-0: Ball 1-0: Called Strike 1-1: Ground out 6-3 (Groundball, 6MD, EV 103.1 MPH)
|
Bottom of the 2nd over - 0 runs, 0 hits, 0 errors, 1 left on base; University of Alabama 0 - Florida State University 0 |
TOP OF THE 3RD |
University of Alabama Crimson Tide batting - Pitching for Florida State University Seminoles : RHP Justin Williams
|
Batting: RHB Aaron Bateman
|
0-0: Ball 1-0: Ball 2-0: Called Strike 2-1: Ball 3-1: Ground out 3-1 (Groundball, 34S, EV 79.4 MPH)
|
Batting: RHB António Scarlett
|
0-0: Ball 1-0: Ball 2-0: Ground out U3 (Groundball, 34, EV 106.9 MPH)
|
Batting: RHB Er Le
|
0-0: Foul Ball, location: 2F 0-1: Ground out 6-3 (Groundball, 6, EV 91.2 MPH)
|
Top of the 3rd over - 0 runs, 0 hits, 0 errors, 0 left on base; University of Alabama 0 - Florida State University 0 |
BOTTOM OF THE 3RD |
Florida State University Seminoles batting - Pitching for University of Alabama Crimson Tide : RHP Joe Babich
|
Batting: RHB Paul Holland
|
0-0: Ball 1-0: Swinging Strike 1-1: Foul Ball, location: 2F 1-2: Foul Ball, location: 2F 1-2: Strikes out swinging
|
Batting: SHB Alex Noval
|
0-0: Called Strike 0-1: Ball 1-1: Ball 2-1: Ground out 6-3 (Groundball, 6, EV 86.2 MPH)
|
Batting: RHB Jeremy Buck
|
0-0: Ball 1-0: Called Strike 1-1: Called Strike 1-2: Strikes out swinging
|
Bottom of the 3rd over - 0 runs, 0 hits, 0 errors, 0 left on base; University of Alabama 0 - Florida State University 0 |
TOP OF THE 4TH |
University of Alabama Crimson Tide batting - Pitching for Florida State University Seminoles : RHP Justin Williams
|
Batting: LHB Prince Nunley
|
0-0: Ball 1-0: Ball 2-0: Ball 3-0: Called Strike 3-1: Called Strike 3-2: Foul Ball, location: 2F 3-2: Ground out U3 (Groundball, 3L, EV 83.8 MPH)
|
Batting: RHB Peter Westover
|
0-0: Called Strike 0-1: Called Strike 0-2: Ball 1-2: Foul Ball, location: 2F 1-2: Strikes out swinging
|
Batting: RHB Willie Torres
|
0-0: Ground out 6-3 (Groundball, 6, EV 87.5 MPH)
|
Top of the 4th over - 0 runs, 0 hits, 0 errors, 0 left on base; University of Alabama 0 - Florida State University 0 |
BOTTOM OF THE 4TH |
Florida State University Seminoles batting - Pitching for University of Alabama Crimson Tide : RHP Joe Babich
|
Batting: LHB Raul Maldonado
|
0-0: Called Strike 0-1: Ball 1-1: Swinging Strike 1-2: Ball 2-2: Strikes out swinging
|
Batting: RHB Lupe Barrera
|
0-0: Ball 1-0: Reached on error, E3 (Groundball, 34, EV 81.9 MPH)
|
Batting: SHB Ed Mosqueda
|
0-0: Called Strike 0-1: Ground out U3 (Groundball, 3L, EV 106.9 MPH) Lupe Barrera to third
|
Batting: RHB Victor Ramirez
|
0-0: Called Strike 0-1: 2-RUN HOME RUN (Flyball, 78XD, EV 115.6 MPH), Distance : 448 ft
|
Batting: RHB Israel Quinteros
|
0-0: Called Strike 0-1: Swinging Strike 0-2: Ground out 5-3 (Groundball, 56, EV 88.1 MPH)
|
Bottom of the 4th over - 2 runs, 1 hit, 1 error, 0 left on base; University of Alabama 0 - Florida State University 2 |
TOP OF THE 5TH |
University of Alabama Crimson Tide batting - Pitching for Florida State University Seminoles : RHP Justin Williams
|
Pitching: RHP Brandon Isabell
|
|
Batting: RHB Shura Beschenko
|
0-0: Ball 1-0: Called Strike 1-1: SINGLE (Groundball, 15S, EV 65.6 MPH) (infield hit)
|
Batting: RHB Ray Travis
|
0-0: Ball Shura Beschenko is caught stealing 2nd base 2-4 1-0: Ball 2-0: Fly out, F3 (Popup, 3, EV 80.0 MPH)
|
Batting: RHB Lencho Otieno
|
0-0: Ball 1-0: Ball 2-0: SOLO HOME RUN (Flyball, 7LD, EV 98.1 MPH), Distance : 382 ft
|
Pinch Hitting: LHB Jimmy Leslie
|
0-0: Ball 1-0: Called Strike 1-1: Called Strike 1-2: Strikes out swinging
|
Top of the 5th over - 1 run, 2 hits, 0 errors, 0 left on base; University of Alabama 1 - Florida State University 2 |
BOTTOM OF THE 5TH |
Florida State University Seminoles batting - Pitching for University of Alabama Crimson Tide : RHP Joe Babich
|
Pitching: RHP Edward Rios
|
|
Now at 2B: Juan Alvarez
|
|
Batting: LHB Jai-guo Bian
|
0-0: Ball 1-0: Called Strike 1-1: Foul Ball, location: 2F 1-2: Ground out U3 (Groundball, 3, EV 103.1 MPH)
|
Batting: RHB Paul Holland
|
0-0: Fly out, F7 (Flyball, 7, EV 88.1 MPH)
|
Batting: SHB Alex Noval
|
0-0: Ball 1-0: Called Strike 1-1: Swinging Strike 1-2: Ball 2-2: Ball 3-2: Foul Ball, location: 2F 3-2: Strikes out swinging
|
Bottom of the 5th over - 0 runs, 0 hits, 0 errors, 0 left on base; University of Alabama 1 - Florida State University 2 |
TOP OF THE 6TH |
University of Alabama Crimson Tide batting - Pitching for Florida State University Seminoles : RHP Brandon Isabell
|
Batting: RHB António Scarlett
|
0-0: Called Strike 0-1: Swinging Strike 0-2: Strikes out looking
|
Pinch Hitting: SHB Aaron DeMange
|
0-0: Called Strike 0-1: Foul Ball, location: 2F 0-2: Ball 1-2: Ball 2-2: Strikes out swinging
|
Batting: LHB Prince Nunley
|
0-0: SINGLE (Groundball, 3D, EV 105.6 MPH)
|
Pinch Hitting: SHB Alex Rosario
|
0-0: Ball 1-0: SINGLE (Groundball, 4MS, EV 62.5 MPH) (infield hit) Prince Nunley to second
|
Pinch Runner at 2nd Roger Dufour:
|
|
Batting: RHB Caleb Oake
|
0-0: Ball 1-0: Foul Ball, location: 2F 1-1: Called Strike 1-2: Strikes out swinging
|
Top of the 6th over - 0 runs, 2 hits, 0 errors, 2 left on base; University of Alabama 1 - Florida State University 2 |
BOTTOM OF THE 6TH |
Florida State University Seminoles batting - Pitching for University of Alabama Crimson Tide : RHP Edward Rios
|
Now at 1B: Tan-ming Kwan
|
|
Now at 3B: Jose Baca
|
|
Now in RF: Aaron DeMange
|
|
Batting: RHB Jeremy Buck
|
0-0: Called Strike 0-1: SINGLE (Flyball, 34D, EV 90.6 MPH)
|
Batting: LHB Raul Maldonado
|
0-0: Ball 1-0: Called Strike 1-1: Ball 2-1: Called Strike 2-2: Ground out 4-3 (Groundball, 34D, EV 100.6 MPH) Jeremy Buck to second
|
Batting: RHB Lupe Barrera
|
0-0: Ball 1-0: Called Strike 1-1: Ball 2-1: Ball 3-1: Foul Ball, location: 2F 3-2: Base on Balls
|
Batting: SHB Ed Mosqueda
|
0-0: Called Strike 0-1: Ball 1-1: Ball 2-1: Ground out 4-3 (Groundball, 4S, EV 68.8 MPH) Jeremy Buck to third Lupe Barrera to second
|
Batting: RHB Victor Ramirez
|
0-0: Called Strike 0-1: Swinging Strike 0-2: Ball 1-2: Ball 2-2: Ground out 6-3 (Groundball, 6, EV 85.6 MPH)
|
Bottom of the 6th over - 0 runs, 1 hit, 0 errors, 2 left on base; University of Alabama 1 - Florida State University 2 |
TOP OF THE 7TH |
University of Alabama Crimson Tide batting - Pitching for Florida State University Seminoles : RHP Brandon Isabell
|
Pitching: RHP Bruce Duran
|
|
Batting: RHB Shura Beschenko
|
0-0: Called Strike 0-1: Foul Ball, location: 2F 0-2: Ball 1-2: Ball 2-2: Ball 3-2: SINGLE (Flyball, 6D, EV 93.8 MPH)
|
Batting: RHB Ray Travis
|
0-0: Ball 1-0: Ball Wild Pitch! Shura Beschenko to second 2-0: Foul Ball, location: 2F 2-1: Foul Ball, location: 2F 2-2: Strikes out swinging
|
Pinch Hitting: LHB Miguel Ramos
|
0-0: Ball 1-0: Ball 2-0: Ball 3-0: Called Strike 3-1: Base on Balls
|
Pinch Hitting: LHB Chris Cohen
|
0-0: Ball 1-0: Called Strike 1-1: Fielders Choice at 2nd, 6-4 (Groundball, 6, EV 85.6 MPH) Shura Beschenko to third
|
Pinch Hitting: RHB James Anderson
|
0-0: Ball 1-0: Fielders Choice at 2nd, 6-4 (Groundball, 6, EV 103.1 MPH)
|
Top of the 7th over - 0 runs, 1 hit, 0 errors, 2 left on base; University of Alabama 1 - Florida State University 2 |
BOTTOM OF THE 7TH |
Florida State University Seminoles batting - Pitching for University of Alabama Crimson Tide : RHP Edward Rios
|
Pitching: RHP Joe Burns
|
|
Now at 2B: Jason Barr
|
|
Now at SS: Chris Cohen
|
|
Now in CF: James Anderson
|
|
Pinch Hitting: RHB Toyohiko Nakajima
|
0-0: Called Strike 0-1: Called Strike 0-2: Ball 1-2: Foul Ball, location: 2F 1-2: Ball 2-2: Ball 3-2: Base on Balls
|
Batting: LHB Jai-guo Bian
|
0-0: Called Strike 0-1: SINGLE (Groundball, 4D, EV 96.2 MPH) Toyohiko Nakajima to second
|
Batting: RHB Paul Holland
|
0-0: Sac Bunt to 3S - play at first, batter OUT! 3-4 Toyohiko Nakajima to third Jai-guo Bian to second
|
Batting: SHB Alex Noval
|
0-0: Called Strike 0-1: Called Strike 0-2: Ball 1-2: Ball 2-2: SINGLE (Flyball, 56D, EV 89.4 MPH) Toyohiko Nakajima scores Jai-guo Bian to third Runner from 3rd tries for Home, SAFE, throw by LF to home
|
Batting: RHB Jeremy Buck
|
0-0: Ball Alex Noval steals 2nd base 1-0: DOUBLE (Line Drive, 8LD, EV 93.1 MPH) Alex Noval scores
|
Pitching: RHP Kevin Hersey
|
|
Batting: LHB Raul Maldonado
|
0-0: Ball 1-0: Ball 2-0: Ground out U3 (Groundball, 34, EV 100.0 MPH) Jeremy Buck to third
|
Batting: LHB Jonathan Redden
|
0-0: Called Strike 0-1: Swinging Strike 0-2: Strikes out swinging
|
Bottom of the 7th over - 3 runs, 3 hits, 0 errors, 1 left on base; University of Alabama 1 - Florida State University 5 |
TOP OF THE 8TH |
University of Alabama Crimson Tide batting - Pitching for Florida State University Seminoles : RHP Bruce Duran
|
Now in LF: Taffounnout Kame
|
|
Batting: SHB Aaron DeMange
|
0-0: Called Strike 0-1: Swinging Strike 0-2: Ball 1-2: Strikes out swinging
|
Batting: SHB Jose Baca
|
0-0: Called Strike 0-1: Ball 1-1: Called Strike 1-2: Foul Ball, location: 2F 1-2: Foul Ball, location: 2F 1-2: Ball 2-2: Foul Ball, location: 2F 2-2: Strikes out swinging
|
Pinch Hitting: RHB Daniel Jacobsen
|
0-0: Ball 1-0: Ball 2-0: Ball 3-0: Called Strike 3-1: Base on Balls
|
Batting: RHB Caleb Oake
|
0-0: Ground out 4-3 (Groundball, 4, EV 86.9 MPH)
|
Top of the 8th over - 0 runs, 0 hits, 0 errors, 1 left on base; University of Alabama 1 - Florida State University 5 |
BOTTOM OF THE 8TH |
Florida State University Seminoles batting - Pitching for University of Alabama Crimson Tide : RHP Kevin Hersey
|
Now at 1B: Jose Cuellar
|
|
Batting: SHB Ed Mosqueda
|
0-0: DOUBLE (Line Drive, 78D, EV 105.6 MPH)
|
Batting: RHB Victor Ramirez
|
0-0: SINGLE (Groundball, 5S, EV 70.6 MPH) (infield hit) Ed Mosqueda to third
|
Batting: RHB Taffounnout Kame
|
0-0: Ball 1-0: Ball 2-0: Called Strike 2-1: Grounds into double play, 6-4-3 (Groundball, 6, EV 101.9 MPH) Ed Mosqueda scores
|
Pinch Hitting: RHB Joy-shan Li
|
0-0: Fly out, F7 (Flyball, 7D, EV 83.8 MPH)
|
Bottom of the 8th over - 1 run, 2 hits, 0 errors, 0 left on base; University of Alabama 1 - Florida State University 6 |
TOP OF THE 9TH |
University of Alabama Crimson Tide batting - Pitching for Florida State University Seminoles : RHP Bruce Duran
|
Now at 1B: Alex Rosaly
|
|
Pinch Hitting: RHB Jorge Lebron
|
0-0: SINGLE (Line Drive, 89S, EV 101.9 MPH)
|
Pinch Hitting: RHB Carlos Jimenez
|
0-0: Ball 1-0: Fly out, F3 (Popup, 3SF, EV 71.9 MPH)
|
Pinch Hitting: RHB Jason Dehoney
|
0-0: Swinging Strike 0-1: Ball 1-1: Swinging Strike 1-2: Strikes out swinging
|
Pinch Hitting: RHB J.D. Hagerman
|
0-0: Called Strike 0-1: Foul Ball, location: 2F 0-2: Ball 1-2: Ball 2-2: Foul Ball, location: 2F 2-2: Strikes out swinging
|
Top of the 9th over - 0 runs, 1 hit, 0 errors, 1 left on base; University of Alabama 1 - Florida State University 6 |
|